 Dungeon Crawl Stone Soup version 0.32-a0-981-g384da2ce10 (webtiles) character file.

Game seed: 9897567219067728988

154 Snaaty the Trooper (level 5, -5/41 HPs)
             Began as a Demonspawn Chaos Knight on Apr 20, 2024.
             Was a Plaything of Xom.
             Slain by Natasha the water moccasin (shapeshifter) (8 damage)
             ... on level 3 of the Dungeon.
             The game lasted 00:04:28 (2357 turns).

Snaaty the Trooper (Demonspawn Chaos Knight)        Turns: 2357, Time: 00:04:29

Health: -5/41      AC:  4    Str: 11    XL:     5   Next: 13%
Magic:  13/13      EV: 10    Int: 14    God:    Xom [.*....]
Gold:   155        SH:  4    Dex: 12    Spells: 4/4 levels left

rFire   . . .        a - +0 mace (chaos)
rCold   . . .        (no shield)
rNeg    . . .        b - +2 leather armour
rPois   .            (no helmet)
rElec   .            q - +0 cloak
rCorr   .            (no gloves)
SInv    .            (no boots)
Will    .....        (no amulet)
Stlth   +            h - ring of magical power
HPRegen 0.26/turn    (no ring)
MPRegen 0.13/turn

%: no passive effects
@: mighty, on berserk cooldown, slowed, invisible, very slow
A: condensation shield, demonic magic 1, demonic touch 2, deformed body, frail
1, low MP 1, screaming 1, weak 1
a: Renounce Religion


You were on level 3 of the Dungeon.
You worshipped Xom.
You were a plaything of Xom.
You visited 1 branch of the dungeon, and saw 3 of its levels.

You collected 155 gold pieces.

Inventory:

Hand Weapons
 a - a +0 mace of chaos (weapon)
 e - a +0 trident of chaos
Armour
 b - a +2 leather armour (worn)
 g - an orb of energy
 q - a +0 cloak (worn)
Jewellery
 h - a ring of magical power (left hand)
Talismans
 r - a blade talisman
Scrolls
 c - 2 scrolls of butterflies
 f - 2 scrolls of torment {unknown}
 i - a scroll of identify {unknown}
 j - 3 scrolls of teleportation {unknown}
 l - a scroll of fog {unknown}
 n - a scroll of enchant weapon {unknown}
 p - a scroll of amnesia {unknown}
Potions
 o - a potion of brilliance {unknown}


   Skills:
 * Level 5.9 Fighting
 - Level 2.6 Maces & Flails
 - Level 1.7 Armour
 - Level 0.8 Dodging


You had 4 spell levels left.
You didn't know any spells.
Your spell library was empty.

Dungeon Overview and Level Annotations

Branches:
Dungeon (3/15)

Altars:
Ru

Annotations:
D:3 Natasha


Innate Abilities, Weirdness & Mutations

A meltable shield of frost defends you. (SH +4)
Spells you cast may paralyse adjacent enemies.
Your touch may inflict irresistible damage on your foes.
Armour fits poorly on your strangely shaped body.
You are frail. (-10% HP)
Your magical capacity is low. (-10% MP)
You occasionally shout uncontrollably at your foes.
You are weak. (Str -2)


Message History

The ball python skeleton completely misses itself.
You hit the ball python skeleton.
You destroy the ball python skeleton!
Natasha bites you but does no damage.
You miss Natasha. Natasha closely misses you. Natasha barely misses you.
You barely miss Natasha. Natasha bites you. x2
You barely miss Natasha. Natasha bites you.
You are poisoned.
Natasha poisons you! Natasha barely misses you.
You feel very mighty all of a sudden.
You feel sick. You block Natasha's attack.
You closely miss Natasha.
You feel very sick. Natasha bites you!
You are more poisoned.
Natasha poisons you! Natasha bites you.
You miss Natasha.
You feel very sick. Natasha bites you.
* * * LOW HITPOINT WARNING * * *
Natasha bites you but does no damage.
You feel better. Natasha bites you.
It was a potion of berserk rage.
A red film seems to cover your vision as you go berserk!
You feel yourself moving faster!
You feel mighty! Natasha bites you.
* * * LOW HITPOINT WARNING * * *
Natasha bites you.
* * * LOW HITPOINT WARNING * * *
You miss Natasha. Your touch misses Natasha. Natasha bites you.
* * * LOW HITPOINT WARNING * * *
You feel a strong urge to attack something.
You feel your anger nearly subside.
You are no longer berserk.
You are exhausted.
You feel yourself slow down.
It was a potion of invisibility.
You fade into invisibility!
Xom roars with laughter!
Natasha bites you!
You die...
Xom chuckles heartily!

#.#.# ♣..ß.P♣..#.#..#
#.... #)#.#
♣..)..♣.##...## #####
#.#.##♣♣....♣♣######
#.....♣...!..♣♣♣♣♣
###.##♣♣.........♣♣
#.##.♣♣♣♣..ZS...♣#
#.......♣♣♣......#
######.....##.#♣♣♣♣♣..#
#............#@###..#.#
#.###......##.#S#.S...#
#.#.....#........#..###
#.#.#..######..###..######
#......#####.............#
###.##.......#.###..####.#
#.##.#######.###..####.#
#.##..................#
#.##.#######.###..####.#


You could see Natasha the water moccasin shaped shifter (unable to see you).

Vanquished Creatures
  A centaur skeleton (D:3)
  Terence (D:2)
  A hound zombie (D:3)
  3 adders
  An adder skeleton (D:3)
  5 ball pythons
  9 endoplasms
  2 giant cockroaches (D:2)
  3 goblins (D:1)
  5 hobgoblins
  2 jackals (D:1)
  3 kobolds
  3 quokkas
  A ball python skeleton (D:3)
  A ball python zombie (D:3)
  4 bats
  4 frilled lizards
  8 rats (D:1)
57 creatures vanquished.

Notes
Turn   | Place    | Note
-------+----------+-------------------------------------------
     0 | D:1      | Snaaty the Demonspawn Chaos Knight began the quest for the
                  | Orb.
     0 | D:1      | Reached XP level 1. HP: 18/18 MP: 1/1
    77 | D:1      | Gained mutation: Spells you cast may paralyse adjacent
                  | enemies. [demonic ancestry]
    77 | D:1      | Reached XP level 2. HP: 24/24 MP: 2/2
   335 | D:1      | XOM: divination: magic mapping
   448 | D:1      | Reached skill level 4 in Fighting
   536 | D:1      | XOM: swap monsters
   560 | D:1      | XOM: give mutations
   560 | D:1      | Gained mutation: You are weak. (Str -2) [Xom's mischief]
   560 | D:1      | Gained mutation: Your magical capacity is low. (-10% MP)
                  | [Xom's mischief]
   560 | D:1      | Gained mutation: You have hidden genetic defects. [Xom's
                  | mischief]
   560 | D:1      | Gained mutation: Armour fits poorly on your strangely
                  | shaped body. [Xom's mischief]
   681 | D:1      | Gained mutation: Your touch may inflict minor irresistible
                  | damage on your foes. [demonic ancestry]
   681 | D:1      | Reached XP level 3. HP: 30/30 MP: 2/2
   688 | D:1      | Gained mutation: You are frail. (-10% HP) [hidden defects]
   865 | D:2      | XOM: silly message
   875 | D:2      | Gained mutation: You occasionally shout uncontrollably at
                  | your foes. [hidden defects]
   875 | D:2      | Lost mutation: You have hidden genetic defects. [hidden
                  | defects expressed]
  1027 | D:2      | XOM: 1-stop teleportation journey
  1389 | D:2      | Noticed Terence
  1390 | D:2      | XOM: enchant monster (bad)
  1394 | D:2      | XOM: chaos upgrade
  1395 | D:2      | Killed Terence
  1396 | D:2      | Reached skill level 5 in Fighting
  1396 | D:2      | Gained mutation: Your touch may inflict irresistible damage
                  | on your foes. [demonic ancestry]
  1396 | D:2      | Reached XP level 4. HP: 34/35 MP: 3/3
  1757 | D:2      | XOM: scenery: summon butterflies
  1922 | D:3      | Found a sacrificial altar of Ru.
  2209 | D:3      | Noticed Natasha
  2210 | D:3      | Natasha changed into Natasha the scorpion
  2210 | D:3      | Noticed Natasha
  2210 | D:3      | XOM: polymorph Natasha -> Natasha the scorpion
  2211 | D:3      | Natasha the scorpion changed into Natasha the shapeshifter
  2211 | D:3      | Noticed Natasha (shapeshifter)
  2211 | D:3      | XOM: polymorph Natasha the scorpion -> Natasha the
                  | shapeshifter
  2211 | D:3      | Natasha the shapeshifter changed into Natasha the dart slug
  2211 | D:3      | Noticed Natasha (shapeshifter)
  2214 | D:3      | Natasha the dart slug changed into Natasha the jelly
  2214 | D:3      | Noticed Natasha (shapeshifter)
  2215 | D:3      | XOM: 2-stop teleportation journey
  2329 | D:3      | Noticed Natasha
  2331 | D:3      | XOM: confuse monster(s)
  2336 | D:3      | Natasha the boggart changed into Natasha the water moccasin
  2336 | D:3      | Noticed Natasha (shapeshifter)
  2338 | D:3      | XOM: enchant monster (bad)
  2339 | D:3      | Gained mutation: A meltable shield of frost defends you.
                  | (SH +4) [demonic ancestry]
  2339 | D:3      | Reached XP level 5. HP: 41/41 MP: 4/4
  2351 | D:3      | HP: 2/61 [Natasha the water moccasin (shapeshifter) (6)]
  2357 | D:3      | Slain by Natasha the water moccasin (shapeshifter)

Illustrated notes

Levels and vault maps discovered:
D:1:      mainiacjoe_arrival_oval_in_oval, layout_basic
D:2:      layout_basic, chequers_serial_rivers_micro_d,
          minmay_misc_feat_four_crosses, uniq_terence
D:3:      layout_loops_ring, lemuel_crystal_altar, eino_tiny_chamber,
          roderic_batcave, glass_columns_a, dilly_guarded_unrand_morg

Skill      XL: |  1  2  3 |
---------------+----------+-----
Fighting       | 4 5 |  5.9
Maces & Flails | |  2.6
Armour         | |  1.7
Dodging        | |  0.8

Action                     |  1- 3 |  4- 6 || total
---------------------------+-------+-------++-------
  Melee: Mace              |    87 |    48 ||   135
         Touch             |     3 |     7 ||    10
    Use: Potion            |     2 |     4 ||     6
   Stab: Distracted        |     1 |       ||     1
         Confused          |     1 |       ||     1
         Paralysed         |     1 |       ||     1
 Armour: Leather armour    |    50 |    34 ||    84
  Dodge: Dodged            |    45 |    30 ||    75
  Block: Other             |       |     1 ||     1

Table legend: (Time is in decaauts)
 A = Elapsed time spent in this place.
 B = Non-inter-level travel time spent in this place.
 C = Inter-level travel time spent in this place.
 D = Time resting spent in this place.
 E = Time spent auto-exploring this place.
 F = Levels seen in this place.
 G = Mean time per level.
                   A        B        C        D        E       F      G
               +--------+--------+--------+--------+--------+-----+--------+
         Total |   2391 |   2340 |     51 |      0 |   1909 |   3 |  797.0 |
       Dungeon |   2391 |   2340 |     51 |      0 |   1909 |   3 |  797.0 |
               +--------+--------+--------+--------+--------+-----+--------+

Top non-repeatable levels by time:
     D:2: 1016 daAuts
     D:1: 836 daAuts
     D:3: 538 daAuts
